Map: 2000 Atmospheres LE

Players

Dream

  • Race: Terran Terran

SpeCial - Winner!

  • Race: Terran Terran
  • League: Master

Event: TSL 8

VOD

Have the link to the VOD?

Description

Time

  • Played on: Dec. 4, 2021, 11:11 a.m.
  • Length: 18:14

All games in this series

Show
View Real Time Build Order
Export as new Build Order

Dream Terran 

Build Orders:  

Get SALT Encoding   

  12  0:00  SCV  
  13  0:12  SCV  
  14  0:17  Supply Depot  
  14  0:24  SCV  
  15  0:38  SCV  
  15  0:39  Barracks  
  16  0:44  Refinery  
  16  0:50  SCV  
  17  1:00  Barracks  
  17  1:03  SCV  
  18  1:14  Refinery  
  18  1:15  SCV  
  19  1:27  Reaper  
  19  1:30  Orbital Command  
  20  1:39  Supply Depot  
  20  1:47  Reaper  
  21  1:55  SCV  
  21  1:59  Reaper  
  23  2:07  SCV  
  24  2:12  Factory  
  24  2:20  Reaper  
  24  2:22  SCV  
  26  2:32  Reaper  
  26  2:35  SCV  
  28  2:43  Supply Depot  
  28  2:48  SCV  
  29  2:57  Hellion  
  31  3:04  SCV, Reaper x2  
  34  3:17  Command Center  
  36  3:24  SCV  
  34  3:27  Factory Tech Lab  
  34  3:30  Starport  
  33  3:36  SCV  
  33  3:40  Supply Depot  
  34  3:41  Barracks Reactor  
  34  3:46  Cyclone  
  37  3:49  SCV  
  37  4:02  SCV  
  37  4:08  Starport Tech Lab  
  36  4:15  SCV  
  36  4:17  Refinery  
  36  4:19  Marine  
  36  4:21  Siege Tank  
  40  4:27  SCV  
  39  4:40  Orbital Command  
  39  4:41  Banshee  
  39  4:42  Cloaking Field  
  39  4:44  SCV  
  39  4:45  Marine x2  
  44  4:47  Barracks Tech Lab  
  45  4:56  SCV  
  43  5:08  Siege Tank  
  43  5:10  SCV x2  
  48  5:17  Marine  
  48  5:18  Stimpack, Marine x2  
  51  5:22  SCV  
  51  5:23  SCV  
  53  5:30  Banshee  
  53  5:35  SCV  
  57  5:36  Command Center  
  57  5:38  SCV  
  58  5:49  SCV, Barracks  
  59  5:50  Supply Depot  
  59  5:51  SCV  
  59  5:55  Supply Depot, Refinery  
  60  6:04  SCV x2  
  62  6:10  Siege Tank  
  62  6:11  Engineering Bay  
  62  6:16  SCV x2  
  64  6:21  Banshee  
  64  6:23  Engineering Bay  
  67  6:28  SCV x2  
  69  6:34  Marine x3  
  72  6:41  Barracks Reactor, SCV, Terran Infantry Weapons Level 1  
  72  6:42  SCV  
  77  6:47  Siege Tank, Orbital Command  
  77  6:54  SCV x2  
  79  6:57  Combat Shield  
  79  6:59  Terran Infantry Armor Level 1  
  79  7:01  Marine x3  
  79  7:06  SCV  
  79  7:07  SCV  
  83  7:14  Orbital Command  
  83  7:20  Siege Tank  
  83  7:22  Barracks x2  
  86  7:23  SCV x2  
  86  7:28  Medivac x2  
  86  7:29  Supply Depot, Concussive Shells  
  89  7:32  Marauder  
  89  7:35  SCV x2  
  93  7:39  Marine x2  
  93  7:44  SCV  
  93  7:50  Missile Turret  
  93  7:51  Marauder, SCV  
  96  7:52  Supply Depot, SCV  
  96  7:56  SCV  
  98  7:59  Marauder, Missile Turret  
  98  8:02  Medivac  
  98  8:04  SCV  
  101  8:08  SCV  
  101  8:10  SCV  
  100  8:14  Medivac  
  100  8:16  SCV  
  100  8:19  Armory  
  103  8:20  Barracks Reactor, Barracks Tech Lab  
  103  8:23  Command Center  
  103  8:25  SCV  
  103  8:26  SCV  
  105  8:28  SCV  
  105  8:32  Viking  
  108  8:41  SCV  
  109  8:49  SCV  
  109  8:50  Supply Depot, SCV  
  109  8:51  Supply Depot  
  109  8:55  Refinery x2  
  109  8:57  Supply Depot  
  109  8:59  Supply Depot x2  
  109  9:07  Marine  
  109  9:10  Supply Depot  
  109  9:12  Marauder x3, Supply Depot, Marine x2  
  109  9:13  Supply Depot, Siege Tank  
  120  9:20  Terran Infantry Weapons Level 2, Terran Infantry Armor Level 2  
  120  9:21  Supply Depot, SCV x2  
  120  9:22  SCV, Medivac  
  125  9:27  Marine x2  
  125  9:30  Supply Depot, Marine x2  
  129  9:34  Marauder  
  127  9:40  Marauder x2  
  118  9:47  Marine x2  
  118  9:54  Marine x2  
  118  9:55  Marauder  
  118  9:58  Medivac, Siege Tank  
  118  9:59  Medivac  
  117  10:02  Marauder x2  
  117  10:04  SCV x3  
  123  10:08  Marine  
  123  10:15  Marine x3  
  123  10:16  Marauder  
  128  10:22  SCV x2  
  128  10:23  Marine  
  128  10:24  Marauder  
  128  10:26  Marine  
  134  10:37  Marine x3  
  134  10:38  Marauder  
  134  10:41  Marauder  
  140  10:42  Medivac  
  140  10:43  Medivac  
  144  10:50  Orbital Command  
  144  10:54  SCV x3  
  142  11:02  Marauder x2  
  132  11:05  Marauder  
  132  11:06  Marine  
  132  11:08  Marine  
  132  11:09  Marine  
  132  11:17  Medivac x2, Siege Tank  
  112  11:21  Marine  
  112  11:23  Marauder, SCV x3  
  112  11:24  SCV  
  111  11:28  Marauder  
  111  11:29  Marauder  
  111  11:30  Marine  
  111  11:31  Marine  
  109  11:33  Marine  
  109  11:40  Marine  
  109  11:45  Marauder  
  109  11:47  Marine  
  109  11:50  Marauder x2  
  109  11:53  Medivac, Siege Tank  
  109  11:54  Medivac  
  112  11:55  Marine x2  
  112  11:58  Marine  
  110  12:06  Marauder, Marine  
  113  12:11  Marauder x2  
  113  12:13  Marine  
  113  12:15  Marine  
  117  12:16  Marine  
  115  12:25  Siege Tank  
  115  12:28  Marauder  
  120  12:33  Marauder x2, Marine x2  
  116  12:37  Medivac x2  
  116  12:39  SCV  
  116  12:40  SCV x2  
  116  12:43  Marine x2  
  125  12:49  Marauder  
  125  12:50  Marine x2  
  129  12:54  Marauder  
  129  12:55  Terran Infantry Weapons Level 3  
  129  12:56  SCV x3  
  132  13:08  SCV  
  132  13:11  Marauder, Marine x2  
  132  13:12  Marauder, Marine  
  136  13:13  Marine  
  136  13:14  SCV  
  136  13:15  Marauder  
  133  13:29  Marine  
  133  13:32  Marauder  
  133  13:33  Marauder  
  135  13:36  Siege Tank  
  135  13:37  Marauder  
  135  13:39  Marine  
  135  13:41  Marine  
  140  13:52  Marine  
  140  13:53  Marauder  
  140  13:54  Marauder, Marine  
  137  13:57  Marine  
  137  13:59  Marauder, Orbital Command  
  137  14:02  Marine  
  136  14:09  Marine  
  120  14:15  Marauder, Marine x2  
  120  14:16  Marauder  
  113  14:20  Marauder, Marine  
  102  14:27  Marine  
  102  14:29  SCV x3  
  102  14:30  SCV  
  107  14:33  Marine  
  107  14:34  Siege Tank  
  107  14:36  Marauder  
  107  14:37  Marauder  
  115  14:40  Medivac  
  115  14:41  Medivac  
  115  14:42  Marauder, Marine x2  
  120  14:56  Marine x2  
  120  14:58  Marauder  
  120  14:59  Marauder  
  126  15:00  Marine x2  
  126  15:03  Marauder  
  126  15:06  Siege Tank  
  133  15:08  SCV x4  
  135  15:16  Medivac, Viking  
  135  15:20  SCV  
  140  15:22  Marauder, Marine x2  
  140  15:25  Terran Infantry Armor Level 3  
  140  15:26  Command Center  
  142  15:29  Marauder x2, Marine x2  
  142  15:34  SCV x4  
  148  15:39  Marine  
  143  15:43  Sensor Tower  
  143  15:48  Siege Tank  
  146  15:53  Medivac x2  
  146  15:56  Marauder  
  154  15:57  Marine x3  
  155  16:04  Marine  
  155  16:05  Marauder  
  158  16:22  Marauder, Marine x3  
  158  16:23  Marauder  
  165  16:26  Marine  
  165  16:27  Marauder  
  165  16:29  Medivac, Viking  
  170  16:37  Missile Turret  
  170  16:39  Marine x2  
  170  16:44  Marauder  
  172  16:49  Marauder x2, Marine x2  
  178  16:57  Marine  
  178  17:00  Medivac x2, Siege Tank  
  186  17:03  Orbital Command  
  119  17:31  Marauder x2  
  119  17:32  Siege Tank, Marine  
  119  17:33  Marauder, Marine x3  
  119  17:36  Medivac x2  
  95  17:50  Marine x4  
  99  17:52  Marauder x2  
Show
View Real Time Build Order
Export as new Build Order

SpeCial Terran - Winner!

Build Orders: 2 Factory, Cyclone Opening, Mech 

Get SALT Encoding   

  12  0:00  SCV  
  13  0:12  SCV  
  14  0:17  Supply Depot  
  14  0:24  SCV  
  15  0:39  SCV  
  15  0:40  Barracks  
  16  0:45  Refinery  
  16  0:51  SCV  
  16  0:56  Refinery  
  17  1:03  SCV  
  18  1:15  SCV  
  19  1:27  Reaper, Orbital Command  
  20  1:37  Supply Depot  
  20  1:45  Factory  
  20  1:53  SCV  
  21  1:59  Reaper  
  22  2:06  SCV  
  23  2:18  SCV  
  24  2:24  Command Center  
  24  2:28  Factory Tech Lab  
  24  2:31  SCV  
  25  2:43  SCV  
  25  2:44  Supply Depot  
  26  2:47  Cyclone  
  27  2:53  Factory  
  27  2:55  SCV  
  27  3:07  SCV  
  27  3:11  Supply Depot  
  28  3:20  SCV, Cyclone  
  30  3:32  SCV  
  31  3:41  Factory Tech Lab  
  31  3:43  Marine  
  31  3:44  SCV  
  33  3:52  Cyclone  
  34  3:56  SCV  
  34  4:00  Cyclone  
  39  4:12  Supply Depot  
  39  4:13  SCV  
  39  4:21  Mag-Field Accelerator  
  39  4:22  Orbital Command  
  38  4:25  SCV  
  39  4:36  Cyclone  
  42  4:39  SCV  
  42  4:43  Refinery  
  43  4:49  SCV  
  43  4:52  SCV  
  45  4:54  Cyclone  
  48  5:02  SCV  
  48  5:06  SCV, Command Center  
  50  5:10  Widow Mine  
  50  5:14  SCV  
  53  5:18  SCV  
  53  5:20  Starport  
  54  5:26  Widow Mine, SCV  
  57  5:30  SCV  
  57  5:35  Supply Depot  
  58  5:38  SCV  
  58  5:39  Refinery  
  58  5:42  SCV  
  60  5:50  SCV  
  60  5:54  SCV  
  60  5:57  Siege Tank x2  
  68  5:59  Starport Reactor  
  68  6:02  SCV  
  69  6:06  SCV  
  69  6:11  Engineering Bay  
  69  6:14  SCV  
  70  6:18  SCV  
  70  6:19  Orbital Command  
  71  6:26  SCV  
  71  6:30  SCV  
  73  6:33  Hellion x2  
  73  6:38  Missile Turret, SCV  
  73  6:39  Liberator x2  
  84  6:42  SCV  
  82  6:48  SCV  
  82  6:51  SCV  
  82  6:52  Missile Turret  
  82  6:53  Missile Turret  
  84  6:54  SCV  
  84  6:59  Supply Depot  
  85  7:06  SCV x2, Siege Tank x2  
  93  7:13  Factory  
  93  7:20  Supply Depot  
  93  7:21  SCV x3  
  93  7:22  Refinery  
  96  7:23  Refinery  
  96  7:29  Barracks Reactor, Viking  
  98  7:33  SCV x3  
  97  7:45  SCV x3, Armory  
  97  7:46  Armory  
  100  7:54  Supply Depot  
  100  7:57  SCV x3  
  103  7:59  Siege Tank  
  103  8:01  Siege Tank  
  106  8:09  SCV x2  
  106  8:10  SCV  
  108  8:13  Hellion  
  108  8:15  Hellion  
  110  8:21  SCV x2  
  110  8:23  Supply Depot  
  110  8:24  Sensor Tower  
  111  8:27  Supply Depot  
  111  8:28  Viking x2  
  111  8:30  SCV  
  116  8:39  Hellion x2  
  120  8:42  Siege Tank  
  120  8:45  Siege Tank  
  120  8:47  Supply Depot  
  120  8:48  Terran Vehicle Weapons Level 1  
  126  8:50  Terran Vehicle And Ship Armor Level 1  
  126  8:52  SCV  
  126  9:02  Factory  
  126  9:03  Factory, Command Center  
  126  9:08  Hellion  
  126  9:09  Hellion  
  128  9:12  Viking x2  
  128  9:16  Infernal Pre-Igniter  
  132  9:21  Supply Depot  
  132  9:23  Supply Depot, Siege Tank  
  135  9:24  Siege Tank  
  136  9:39  SCV  
  139  9:45  Hellion x2  
  139  9:47  Factory Reactor, Factory Tech Lab  
  135  9:55  Siege Tank  
  113  10:01  Liberator x2  
  113  10:05  SCV x2  
  117  10:13  Hellion, Siege Tank  
  117  10:14  Hellion  
  124  10:17  SCV x2  
  126  10:23  Supply Depot  
  126  10:24  Supply Depot  
  126  10:25  Hellion x2  
  130  10:30  Siege Tank x2  
  130  10:33  SCV x2  
  138  10:45  SCV x2  
  138  10:48  Viking  
  138  10:49  Refinery  
  142  10:50  Refinery  
  142  10:57  SCV x2  
  144  11:09  Hellion, SCV x2, Engineering Bay  
  145  11:11  Siege Tank  
  145  11:12  Hellion  
  145  11:13  Hellion  
  145  11:15  Siege Tank  
  141  11:19  Orbital Command  
  141  11:21  SCV x2  
  137  11:27  Terran Vehicle Weapons Level 2  
  137  11:29  Hellion  
  139  11:33  SCV x2  
  139  11:39  Hellion x2  
  142  11:45  SCV  
  142  11:46  SCV  
  138  11:52  Hellion  
  130  11:54  Siege Tank  
  130  11:57  Hellion x2  
  130  11:58  SCV x2  
  130  12:00  Liberator  
  130  12:01  Liberator  
  137  12:03  SCV  
  138  12:10  SCV x2  
  137  12:16  Hellion x2, SCV  
  137  12:17  Hellion  
  137  12:18  Terran Vehicle And Ship Armor Level 2  
  137  12:22  SCV  
  145  12:25  SCV  
  145  12:28  SCV, Planetary Fortress  
  147  12:30  Barracks  
  147  12:32  Siege Tank  
  147  12:33  Hellion  
  147  12:34  Hellion, SCV  
  147  12:37  Hellion, SCV  
  152  12:43  Hellion x2  
  157  12:49  Hellion  
  159  12:51  Viking  
  159  12:54  Viking  
  159  12:55  Siege Tank  
  166  13:00  Refinery  
  166  13:01  Refinery  
  163  13:06  Hellion  
  163  13:07  Hellion x2  
  163  13:08  Siege Tank  
  158  13:20  Factory  
  158  13:22  Factory  
  158  13:30  Viking x2  
  158  13:31  Hellion, Siege Tank x2  
  158  13:32  Hellion  
  168  13:38  Hellion  
  168  13:39  Hellion  
  168  13:40  Siege Tank  
  175  13:45  Sensor Tower  
  175  13:53  Missile Turret x2  
  175  13:57  Orbital Command  
  175  14:02  Orbital Command  
  171  14:08  Hellion  
  164  14:10  Hellion  
  164  14:11  Siege Tank  
  164  14:12  Siege Tank  
  164  14:13  Siege Tank  
  158  14:17  Hellion  
  158  14:26  Hellion  
  158  14:27  Barracks  
  158  14:28  Hellion, Missile Turret  
  162  14:35  Supply Depot  
  162  14:36  Supply Depot, Command Center  
  162  14:37  Supply Depot  
  162  14:40  Terran Vehicle Weapons Level 3  
  162  14:43  Hellion  
  164  14:51  Hellion, Siege Tank  
  163  14:56  Siege Tank x2  
  167  15:07  Sensor Tower  
  167  15:09  Hellion, Factory Tech Lab, Missile Turret x2  
  167  15:10  Factory Tech Lab  
  167  15:19  Missile Turret  
  167  15:21  Missile Turret  
  167  15:24  Siege Tank  
  168  15:28  Siege Tank  
  168  15:29  Siege Tank x2  
  168  15:30  Hellion  
  168  15:33  Terran Vehicle And Ship Armor Level 3  
  179  15:38  Hellion  
  179  15:41  Siege Tank  
  172  15:48  Missile Turret  
  172  15:52  Orbital Command  
  172  15:53  Viking  
  174  15:58  Viking  
  176  16:04  Missile Turret  
  176  16:06  Siege Tank  
  176  16:08  Hellion x2  
  183  16:12  Siege Tank  
  186  16:23  Missile Turret  
  186  16:25  Sensor Tower  
  184  16:32  Siege Tank  
  187  16:33  Hellion  
  187  16:35  Hellion  
  191  16:40  Starport  
  191  16:43  Starport  
  191  16:49  Siege Tank  
  191  16:53  Hellion, Command Center  
  193  16:55  Hellion  
  178  17:18  Siege Tank x3  
  178  17:19  Hellion x2  
  178  17:21  Hellion  
  179  17:25  Viking  
  179  17:26  Hellion  
  179  17:28  Hellion  
  152  17:30  Viking  
  152  17:34  Starport Tech Lab x2  
  135  17:42  Hellion  
  131  17:50  Hellion x2  
Tags
 
Add a new tag
Caveats
  • Supply blocks, unpowered buildings, or Contaminate may cause inaccurate times.
  • Supply counts are checked every 10 seconds.